 Dungeon Crawl Stone Soup version 0.29.1-15-g9cfb28693d (webtiles) character file.

Game seed: 8105140033378468483

251 hawla the Chiller (level 6, -1/43 (45) HPs)
             Began as a Meteoran Ice Elementalist on Apr 4, 2023.
             Was an Initiate of Vehumet.
             Slain by a black bear (4 damage)
             ... on level 6 of the Dungeon.
             The game lasted 00:08:00 (1403 turns).

hawla the Chiller (Meteoran Ice Elementalist)       Turns: 1403, Time: 00:08:01

HP:   -1/43 (45)    AC:  2    Str:  9    XL:     6   Next: 63%
MP:   13/13         EV: 13    Int: 18    God:    Vehumet [......]
Gold: 167           SH:  0    Dex: 16    Spells: 6/14 levels left

rFire   . . .      SeeInvis .   (no weapon)
rCold   . . .      Faith    .   (no shield)
rNeg    . . .      Spirit   .   a - +0 robe
rPois   .          Reflect  .   (no helmet)
rElec   .          Harm     .   (no cloak)
rCorr   .          Rampage  .   (no gloves)
Will    .....                   (no boots)
Stlth   +.........              (no amulet)
HPRegen 0.14/turn               j - ring of flight
MPRegen 0.13/turn               (no ring)

@: flying, glowing, lightly drained
A: sense surroundings 1, otherworldly, glowing, explore regen
a: Renounce Religion


You were on level 6 of the Dungeon.
You worshipped Vehumet.
Vehumet was noncommittal.
You visited 2 branches of the dungeon, and saw 7 of its levels.

You collected 167 gold pieces.

Inventory:

Armour
 a - a +0 robe (worn)
Jewellery
 j - a ring of flight (left hand)
Scrolls
 e - 2 scrolls of enchant weapon
Potions
 b - a potion of magic
 c - 3 potions of berserk rage
 d - 2 potions of curing


   Skills:
 - Level 0.1 Fighting
 - Level 2.6 Dodging
 - Level 1.4 Stealth
 - Level 4.5 Spellcasting
 + Level 4.3 Conjurations
 - Level 5.5 Ice Magic


You had 6 spell levels left.
You knew the following spells:

 Your Spells              Type           Power      Damage    Failure   Level
a - Freeze                Ice            96%        1d11      1%          1
b - Frozen Ramparts       Ice            48%        1d8       4%          3
c - Hailstorm             Conj/Ice       21%        3d6       19%         4

Your spell library contained the following spells:

 Spells                   Type           Power      Damage    Failure   Level
 Ozocubu's Armour         Ice            24%        N/A       4%          3
 Shock                    Conj/Air       44%        1d5       6%          1
 Poisonous Vapours        Pois/Air       8%         N/A       22%         2
 Swiftness                Air            4%         N/A       38%         3
 Airstrike                Air            2%         2d(1-17)  80%         4
 Corpse Rot               Necr/Pois/Air  4%         N/A       80%         4


Dungeon Overview and Level Annotations

Branches:
Dungeon (6/15) Zot: 2207   Temple (1/1) D:4 Zot: 589

Altars:
Nemelex Xobeh
Trog
Uskayaw
Vehumet


Innate Abilities, Weirdness & Mutations

You passively map a small area around you.
You are easily found by Zot.
You glow in the dark.
You regain HP and MP as you explore.


Message History

You are no longer poisoned.
The wall freezes the water moccasin.
The water moccasin seems to slow down.
The phantom completely resists.
The wall freezes the phantom but does no damage.
The phantom hits you!
* * * LOW HITPOINT WARNING * * *
The phantom blinks!
You blink.
The frozen ramparts melt away as you move.
A kobold comes into view. It is wielding a +0 short sword.
Found a scale mail.
You fly up into the air.
j - a ring of flight (left hand)
The kobold shouts!
You hear a shout! x4
The phantom attacks as you move away!
The phantom hits you but does no damage. 3 kobolds come into view.
Found a stone staircase leading down.
The kobold shouts! x3
The phantom attacks as you move away! The phantom barely misses you.
A kobold brigand comes into view.
It is wielding a +1 dagger of venom and quivering poisoned darts.
Found a plate armour.
The kobold brigand shouts!
The phantom attacks as you move away! The phantom hits you.
* * * LOW HITPOINT WARNING * * *
A black bear comes into view.
The black bear growls angrily.
The water moccasin is no longer moving slowly.
The black bear bites you.
* * * LOW HITPOINT WARNING * * *
The black bear closely misses you. The black bear claws you.
* * * LOW HITPOINT WARNING * * *
The black bear attacks as you move away!
The black bear closely misses you. x2; The black bear claws you.
* * * LOW HITPOINT WARNING * * *
The kobold attacks as you move away! The kobold hits you but does no damage.
The black bear attacks as you move away!
The black bear bites you.
* * * LOW HITPOINT WARNING * * *
The black bear claws you.
You die...

#.##..#.##...# , * ,
##.##..............
..,
....#.######......#..
###...# * .....?...#
..#?### #........*
..#.## , #.#.#....##
* ,, #.5..## ##>
..#..*# ,
.#...###.#,*
#..##.### ..#.S.....#
#@....... ,*
#####S###.#
###Kh####..
..#.....#.####.W[##
** ,
..#.[.(.#..SKK#..# *
* ,
.....$.[..K.####...#*
..#.=.(.#...#
##....., * *
.#.....#....#* #####
###!###.##..#* * ...
,K.# #..# ,


You could see a black bear, a phantom and a kobold.

Vanquished Creatures
  A scorpion (D:4)
  A jelly (D:5)
  2 hounds (D:4)
  An iguana (D:4)
  2 adders
  An ufetubus (D:6)
  2 worms (D:2)
  3 dart slugs
  6 orcs
  2 endoplasms (D:4)
  A giant cockroach (D:4)
  4 goblins
  2 hobgoblins
  3 jackals (D:2)
  3 quokkas
  3 bats
  A frilled lizard (D:2)
  A kobold (D:4)
  A rat (D:2)
40 creatures vanquished.

Notes
Turn   | Place    | Note
-------+----------+-------------------------------------------
     0 | D:1      | hawla the Meteoran Ice Elementalist began the quest for the
                  | Orb.
     0 | D:1      | Reached XP level 1. HP: 14/14 MP: 5/5
    63 | D:1      | Reached XP level 2. HP: 7/20 MP: 0/6
   468 | D:2      | Reached XP level 3. HP: 15/26 MP: 1/8
   472 | D:2      | Learned a level 3 spell: Frozen Ramparts
   506 | D:2      | Reached skill level 5 in Ice Magic
   736 | D:4      | Reached XP level 4. HP: 33/33 MP: 7/10
   782 | D:4      | Noticed a scorpion
   785 | D:4      | Killed a scorpion
   786 | D:4      | Reached XP level 5. HP: 33/38 MP: 4/12
   791 | D:4      | Learned a level 4 spell: Hailstorm
   850 | D:4      | Found a hide-covered altar of Uskayaw.
   972 | D:4      | Found a staircase to the Ecumenical Temple.
   990 | D:4      | Reached XP level 6. HP: 5/45 MP: 8/13
   994 | Temple   | Entered the Ecumenical Temple
   999 | Temple   | Became a worshipper of Vehumet
  1154 | D:5      | Entered Level 5 of the Dungeon
  1379 | D:6      | Noticed a water moccasin
  1383 | D:6      | Noticed an orc warrior
  1395 | D:6      | HP: 2/43 [phantom (6)]
  1399 | D:6      | Noticed a black bear
  1403 | D:6      | Slain by a black bear

Illustrated notes

Levels and vault maps discovered:
D:1:      amcnicky_arrival_underground_garden, layout_basic,
          chequers_ecumenical_altar_lobes
D:2:      layout_basic, minmay_between
D:3:      layout_basic
D:4:      layout_rooms, lemuel_crystal_altar, minmay_temple_entry_antechambers,
          chequers_serial_rivers_micro_b
D:5:      layout_cave_pools, fedhas_ov_isle_minmay
D:6:      layout_layer_cave, minmay_chambers_of_fives, uniq_blork_the_orc
Temple:   hellmonk_temple_of_storms

Skill      XL: |  1  2  3  4  5  6 |
---------------+-------------------+-----
Spellcasting   | 3 4 |  4.5
Ice Magic      | 5 |  5.5
Conjurations   | 2 4 |  4.3
Fighting       | |  0.1
Dodging        | |  2.6
Stealth        | |  1.4

Action                   |  1- 3 |  4- 6 || total
-------------------------+-------+-------++-------
Melee: Unarmed           |     4 |    13 ||    17
       Punch             |       |     1 ||     1
 Cast: Freeze            |    40 |    12 ||    52
       Frozen Ramparts   |     3 |    17 ||    20
       Hailstorm         |       |     4 ||     4
  Use: Scroll            |       |     6 ||     6
       Potion            |       |     3 ||     3
Armor: Robe              |     5 |     9 ||    14
Dodge: Dodged            |    15 |    26 ||    41
